 Dungeon Crawl Stone Soup version 0.29.0-4-gdea44cf6ec (webtiles) character file.

Game seed: 7720393037199071071

97 qw the Ruffian (level 4, -3/35 HPs)
             Began as a Ghoul Fire Elementalist on Aug 29, 2022.
             Killed from afar by an orc wizard (7 damage)
             ... with a magic dart
             ... on level 3 of the Dungeon.
             The game lasted 00:02:33 (2584 turns).

qw the Ruffian (Ghoul Fire Elementalist)            Turns: 2584, Time: 00:02:33

Health: -3/35      AC: 11    Str: 12 (13) XL:     4   Next: 68%
Magic:  5/5        EV:  5    Int:  9 (10) God:
Gold:   76         SH:  0    Dex:  9      Spells: 5/6 levels left

rFire   . . .      SeeInvis .     - Unarmed
rCold   + . .      Faith    .   (no shield)
rNeg    + + +      Spirit   .   n - +0 chain mail
rPois   inf        Reflect  .   (no helmet)
rElec   .          Harm     .   (no cloak)
rCorr   .          Rampage  .   h - +1 pair of gloves
Will    .....                   g - +0 pair of boots
Stlth   ..........              (no amulet)
HPRegen 0.00/turn               (no ring)
MPRegen 0.09/turn               (no ring)

@: inhibited regen
A: claws 1, cold resistance 1, negative energy resistance 3, inhibited
regeneration, torment resistance 2, devour on kill
a: no special abilities


You were on level 3 of the Dungeon.
You visited 1 branch of the dungeon, and saw 3 of its levels.

You collected 122 gold pieces.
You spent 46 gold pieces at shops.


Innate Abilities, Weirdness & Mutations

You are immune to poison.
You have sharp fingernails.
Your flesh is cold resistant. (rC+)
You are immune to negative energy. (rN+++)
You do not regenerate when monsters are visible.
You are immune to unholy pain and torment.
You thrive by killing the living.


   Skills:
 - Level 1.2 Fighting
 - Level 1.0 Armour
 - Level 1.7 Dodging
 - Level 2.1 Stealth
 + Level 3.9 Unarmed Combat
 - Level 1.7 Spellcasting
 - Level 0.7 Conjurations
 - Level 2.4 Fire Magic


You had 5 spell levels left.
You knew the following spells:

 Your Spells              Type           Power      Damage    Failure   Level
a - Foxfire               Conj/Fire      12%        2x1d4     100%        1

Your spell library contained the following spells:

 Spells                   Type           Power      Damage    Failure   Level
 Scorch                   Fire           10%        2d5       100%        2
 Conjure Flame            Conj/Fire      3%         6-21      100%        3
 Inner Flame              Hex/Fire       2%         N/A       100%        3
 Flame Wave               Conj/Fire      3%         2d5       100%        4

Inventory:

Armour
 g - a +0 pair of boots (worn)
 h - a +1 pair of gloves (worn)
 n - a +0 chain mail (worn)
Scrolls
 b - a scroll of identify
Potions
 i - a potion of haste {unknown}
 j - a potion of attraction {unknown}
 k - a potion of mutation
 l - a potion of lignification {unknown}

Dungeon Overview and Level Annotations

Branches:
Dungeon (3/15)

Altars:

Shops:
D:2 *   D:3 :


Message History

The orc wizard hits you but does no damage. x2
You hit the orc wizard but do no damage.
The orc wizard is severely wounded.
You hit the orc wizard but do no damage.
The orc wizard is severely wounded.
The orc wizard hits you with a +0 dagger.
The orc wizard completely misses you.
You hit the orc wizard.
You kill the orc wizard!
The bat hits you but does no damage.
The orc wizard hits you but does no damage.
You feel your dexterity returning.
You closely miss the orc wizard.
The orc wizard is heavily wounded.
The bat hits you but does no damage.
The orc wizard hits you but does no damage.
The bat hits you.
You hit the orc wizard but do no damage.
The orc wizard is heavily wounded.
The bat barely misses you. The orc wizard closely misses you.
You hit the orc wizard.
The orc wizard is almost dead.
The bat hits you but does no damage. The bat barely misses you.
The orc wizard hits you but does no damage.
You hit the orc wizard but do no damage.
The orc wizard is almost dead.
The bat hits you but does no damage. x2
The orc wizard gestures wildly while chanting.
The orc wizard flickers and vanishes!
Deactivating autopickup; reactivate with Ctrl-A.
The bat hits you but does no damage.
You closely miss the bat. The bat hits you.
Something hits you but does no damage.
You hit the bat.
The bat is severely wounded.
The bat hits you but does no damage. x3
You hear some strange, mumbled words.
A magic dart appears from out of thin air!
The magic dart hits you!
You die...

###+##+# #######
#....#.# .......
#.#..#.# .......
#..<.#.#
.......###......#
..!....#b@.....8#
.......w{##.....####
....=...###..8.\.8.#
.......## #....<#..#
....... ##....8#.##
##..... ##........#
####.#### #......##.#
#....######.8.8.....#
###...<##%#+#...###


You could see a worm and a bat.

Vanquished Creatures
  An orc wizard (D:3)
  5 dart slugs
  An orc (D:3)
  8 ball pythons
  2 endoplasms (D:1)
  2 giant cockroaches
  5 goblins
  8 hobgoblins
  9 jackals
  6 kobolds
  4 frilled lizards
  6 rats
57 creatures vanquished.

Vanquished Creatures (others)
  2 plants (D:1)
2 creatures vanquished.

Grand Total: 59 creatures vanquished

Notes
Turn   | Place    | Note
-------+----------+-------------------------------------------
     0 | D:1      | qw the Ghoul Fire Elementalist began the quest for the Orb.
     0 | D:1      | Reached XP level 1. HP: 14/14 MP: 2/2
     0 | D:1      | 0 ||| qw: Version: 0.1-a-90-g952f4b7
     0 | D:1      | 0 ||| qw: Game counter: 3898
     0 | D:1      | 0 ||| qw: Always use a shield: true
     0 | D:1      | 0 ||| qw: God list: Okawaru
     0 | D:1      | 0 ||| qw: Allow faded altars: false
     0 | D:1      | 0 ||| qw: Do Orc after D:15 true
     0 | D:1      | 0 ||| qw: Do second Lair branch before Depths: true
     0 | D:1      | 0 ||| qw: Lair rune preference: random
     0 | D:1      | 0 ||| qw: Plans: Normal
     0 | D:1      | 0 ||| PLANNING D:1-11
    41 | D:1      | 41 ||| Stepping ~*~*~tactically~*~*~ (stealth).
    61 | D:1      | Reached skill level 1 in Unarmed Combat
    73 | D:1      | HP: 2/15 [jackal (3)]
   405 | D:1      | Reached skill level 1 in Fighting
   405 | D:1      | Reached XP level 2. HP: 20/23 MP: 3/3
   456 | D:1      | 456 ||| Stepping ~*~*~tactically~*~*~ (stealth).
   458 | D:1      | 458 ||| Stepping ~*~*~tactically~*~*~ (stealth).
   459 | D:1      | 459 ||| Stepping ~*~*~tactically~*~*~ (stealth).
   702 | D:1      | Reached skill level 2 in Unarmed Combat
   912 | D:1      | 912 ||| Stepping ~*~*~tactically~*~*~ (hiding).
  1015 | D:1      | 1015 ||| Stepping ~*~*~tactically~*~*~ (hiding).
  1117 | D:1      | 1117 ||| Stepping ~*~*~tactically~*~*~ (hiding).
  1219 | D:1      | 1219 ||| Stepping ~*~*~tactically~*~*~ (hiding).
  1321 | D:1      | 1321 ||| Stepping ~*~*~tactically~*~*~ (hiding).
  1330 | D:1      | Reached XP level 3. HP: 25/28 MP: 4/4
  1358 | D:1      | 1358 ||| Stepping ~*~*~tactically~*~*~ (stealth).
  1362 | D:1      | 1362 ||| Stepping ~*~*~tactically~*~*~ (stealth).
  1375 | D:1      | 1375 ||| Stepping ~*~*~tactically~*~*~ (stealth).
  1392 | D:1      | 1392 ||| Stepping ~*~*~tactically~*~*~ (stealth).
  1393 | D:1      | 1393 ||| Stepping ~*~*~tactically~*~*~ (stealth).
  1398 | D:1      | 1398 ||| Stepping ~*~*~tactically~*~*~ (stealth).
  1409 | D:1      | 1409 ||| Stepping ~*~*~tactically~*~*~ (stealth).
  1439 | D:1      | 1439 ||| Stepping ~*~*~tactically~*~*~ (hiding).
  1441 | D:1      | 1441 ||| Stepping ~*~*~tactically~*~*~ (hiding).
  1442 | D:1      | 1442 ||| Stepping ~*~*~tactically~*~*~ (hiding).
  1443 | D:1      | 1443 ||| Stepping ~*~*~tactically~*~*~ (stealth).
  1444 | D:1      | 1444 ||| Stepping ~*~*~tactically~*~*~ (stealth).
  1470 | D:1      | 1470 ||| Stepping ~*~*~tactically~*~*~ (stealth).
  1471 | D:1      | 1471 ||| Stepping ~*~*~tactically~*~*~ (stealth).
  1472 | D:1      | 1472 ||| Stepping ~*~*~tactically~*~*~ (stealth).
  1474 | D:1      | 1474 ||| Stepping ~*~*~tactically~*~*~ (stealth).
  1479 | D:1      | 1479 ||| Stepping ~*~*~tactically~*~*~ (stealth).
  1767 | D:1      | 1767 ||| UPGRADING to +0 ring mail.
  1777 | D:1      | 1777 ||| DROPPING +0 robe.
  1778 | D:1      | 1778 ||| UPGRADING to +0 pair of boots.
  1783 | D:1      | 1783 ||| UPGRADING to +1 pair of gloves.
  1788 | D:1      | 1788 ||| UPGRADING to +0 scale mail.
  1798 | D:1      | 1798 ||| DROPPING +0 ring mail.
  1799 | D:1      | 1799 ||| UPGRADING to +0 chain mail.
  1809 | D:1      | 1809 ||| DROPPING +0 scale mail.
  1810 | D:1      | 1810 ||| READING scroll labelled CALUOPSIOCU.
  1811 | D:1      | 1811 ||| READING scroll labelled MYHUJE ITIU.
  1812 | D:1      | 1812 ||| READING scroll labelled DONADUUCOMM.
  1813 | D:1      | 1813 ||| READING scroll labelled POPNOXZ JIFEUG.
  1814 | D:1      | 1814 ||| DROPPING potion of magic.
  1925 | D:2      | Reached skill level 3 in Unarmed Combat
  1946 | D:2      | 1946 ||| Stepping ~*~*~tactically~*~*~ (outnumbered).
  2045 | D:2      | 2045 ||| Stepping ~*~*~tactically~*~*~ (stealth).
  2047 | D:2      | 2047 ||| Stepping ~*~*~tactically~*~*~ (stealth).
  2051 | D:2      | 2051 ||| Stepping ~*~*~tactically~*~*~ (stealth).
  2053 | D:2      | 2053 ||| Stepping ~*~*~tactically~*~*~ (stealth).
  2112 | D:2      | Found Nevezupe's Assorted Antiques.
  2118 | D:2      | 2118 ||| BUYING coppery potion (14 gold).
  2118 | D:2      | Bought a coppery potion for 14 gold pieces
  2118 | D:2      | 2118 ||| SHOPLISTING pair of glowing gloves (120 gold, have
                  | 77).
  2118 | D:2      | 2118 ||| BUYING scroll labelled BAVVI BOUCEPI (16 gold).
  2118 | D:2      | Bought a scroll labelled BAVVI BOUCEPI for 16 gold pieces
  2118 | D:2      | 2118 ||| BUYING scroll labelled BAVVI BOUCEPI (16 gold).
  2118 | D:2      | Bought a scroll labelled BAVVI BOUCEPI for 16 gold pieces
  2118 | D:2      | 2118 ||| SHOPLISTING scroll of enchant weapon (120 gold,
                  | have 45).
  2118 | D:2      | 2118 ||| SHOPLISTING shiny ring mail (112 gold, have 45).
  2157 | D:2      | 2157 ||| Stepping ~*~*~tactically~*~*~ (stealth).
  2161 | D:2      | Reached skill level 1 in Armour
  2209 | D:2      | Reached XP level 4. HP: 35/35 MP: 5/5
  2419 | D:2      | 2419 ||| READING scroll labelled UNUSOTZ ANOCW.
  2420 | D:2      | 2420 ||| READING scroll labelled SISTRU DUXT.
  2421 | D:2      | 2421 ||| READING 2 scrolls labelled BAVVI BOUCEPI.
  2422 | D:2      | 2422 ||| READING scroll labelled TEESME POYDAXI.
  2423 | D:2      | 2423 ||| DRINKING 2 orange potions.
  2424 | D:2      | 2424 ||| READING 3 scrolls of identify.
  2424 | D:2      | 2424 ||| IDENTIFYING coppery potion
  2425 | D:2      | 2425 ||| READING 2 scrolls of identify.
  2425 | D:2      | 2425 ||| IDENTIFYING sapphire potion
  2426 | D:2      | 2426 ||| DROPPING scroll of vulnerability.
  2435 | D:3      | 2435 ||| Stepping ~*~*~tactically~*~*~ (stealth).
  2437 | D:3      | 2437 ||| Stepping ~*~*~tactically~*~*~ (stealth).
  2441 | D:3      | 2441 ||| STAIRDANCE
  2450 | D:3      | 2450 ||| STAIRDANCE
  2469 | D:3      | 2469 ||| STAIRDANCE
  2486 | D:3      | Found Urrunyob's Book Boutique.
  2489 | D:3      | 2489 ||| Stepping ~*~*~tactically~*~*~ (stealth).
  2495 | D:3      | 2495 ||| Stepping ~*~*~tactically~*~*~ (hiding).
  2526 | D:3      | 2526 ||| Stepping ~*~*~tactically~*~*~ (outnumbered).
  2531 | D:3      | 2531 ||| Stepping ~*~*~tactically~*~*~ (outnumbered).
  2535 | D:3      | 2535 ||| DRINKING potion of curing.
  2535 | D:3      | 2535 ||| (to cure confusion)
  2552 | D:3      | HP: 7/35 [something (4)]
  2552 | D:3      | HP: 2/35 [something/puff of flame (5)]
  2553 | D:3      | 2553 ||| DRINKING potion of heal wounds.
  2562 | D:3      | 2562 ||| FLEEEEING.
  2577 | D:3      | HP: 6/35 [orc wizard/+0 dagger (4)]
  2583 | D:3      | HP: 4/35 [bat (1)]
  2584 | D:3      | Killed from afar by an orc wizard

Levels and vault maps discovered:
D:1:      amcnicky_arrival_double_pillar, layout_basic, serial_forest,
          infiniplex_forest_lined_room_, infiniplex_forest_straight_4,
          infiniplex_forest_clump_diagonal, infiniplex_forest_lined_room_2,
          infiniplex_forest_zigzag_1, infiniplex_forest_clump_long,
          infiniplex_forest_diagonal
D:2:      layout_basic, serial_shops, nicolae_shop_hallway_plus
D:3:      layout_basic, nicolae_vehumet_altar_sigil, serial_shops,
          nicolae_shop_statue_plus,
          dreamdust_ecumenical_altar_angels_and_demons,
          kennysheep_generic_room_11

Skill      XL: |  1  2  3 |
---------------+----------+-----
Unarmed Combat | 1 2 3 |  3.9
Fighting       | 1 |  1.2
Armour         | 1 |  1.0
Dodging        | |  1.7
Stealth        | |  2.1
Spellcasting   | |  1.7
Conjurations   | |  0.7
Fire Magic     | |  2.4

Action                   |  1- 3 |  4- 6 || total
-------------------------+-------+-------++-------
Melee: Unarmed           |   196 |    91 ||   287
       Punch             |     4 |     1 ||     5
  Use: Scroll            |     4 |     6 ||    10
       Potion            |       |     3 ||     3
Armor: Robe              |    12 |       ||    12
       Chain mail        |    43 |   118 ||   161
Dodge: Dodged            |    84 |    29 ||   113

Table legend:
 A = Non-vault XP
 B = Vault XP
 C = Vault XP percentage of total XP
 D = Non-vault monster count
 E = Vault monster count
 F = Vault count percentage of total count
                 A         B        C        D         E       F
            +---------+---------+-------+---------+---------+-------
      Total |     139 |       0 |   0.0 |      57 |       0 |   0.0
            +---------+---------+-------+---------+---------+-------
        D:1 |      52 |       0 |   0.0 |      29 |       0 |   0.0
        D:2 |      39 |       0 |   0.0 |      21 |       0 |   0.0
        D:3 |      48 |       0 |   0.0 |       7 |       0 |   0.0
            +---------+---------+-------+---------+---------+-------
